AoeStats
← Wodam

Arabia

505187699Analyzed
1v1 RM · 25d ago on Sep 8, 2026· 48m 19s· 2 players
Game mode
Random Map
Map size
Tiny (2 player)
Population
200
Speed
Normal
Resources
Standard
Victory
Conquest
Starting age
Dark Age
Ending age
Imperial Age
RankedLock teamsTeams togetherTeam positionsShared explorationLock speedFull tech treeHidden civsTurbo modeCheats
Victory
Defeat
🇫🇷 Magyars · France
1202
+12
🇩🇪 Mongols · Germany
1122
-12
arkance
9:01 Feudal Age
9:32 Double-Bit Axe
10:22 Loom
17:06 Horse Collar
19:01 Wheelbarrow
20:44 Castle Age
19:03 Gold Mining
19:28 Scale Barding Armor
19:53 Bloodlines
22:26 Husbandry
21:47 Light Cavalry
23:05 Chain Barding Armor
23:14 Bow Saw
23:45 Heavy Plow
31:23 Gold Shaft Mining
30:39 Stone Mining
32:36 Town Watch
33:06 Hand Cart
36:07 Fletching
39:32 Ballistics
41:20 Corvinian Army
43:55 Imperial Age
42:26 Bodkin Arrow
42:32 Padded Archer Armor
44:00 Elite Magyar Huszar
44:35 Heavy Cavalry Archer
45:40 Parthian Tactics
45:19 Bracer
45:35 Leather Archer Armor
46:30 Chemistry
48:13 Ring Archer Armor
Wodam
6:56 Loom
8:57 Feudal Age
11:04 Double-Bit Axe
20:01 Castle Age
18:26 Fletching
18:36 Padded Archer Armor
19:29 Bloodlines
21:04 Bow Saw
20:36 Horse Collar
20:57 Gold Mining
21:33 Bodkin Arrow
24:18 Padded Archer Armor
27:23 Husbandry
29:14 Horse Collar
32:04 Thumb Ring
32:51 Leather Archer Armor
36:54 Ballistics
40:03 Wheelbarrow
39:16 Town Watch
39:44 Scale Barding Armor
47:49 Hand Cart
Connection lost

Rejoining the realm…

Still unreachable

The connection could not be restored.

Session expired

The server has moved on; the page needs a fresh start.